 Dungeon Crawl Stone Soup version 0.30.0-17-ge0270778cf (webtiles) character file.

Game seed: 675113867373068723

70 Aldia the Firebug (level 4, 0/42 HPs)
             Began as an Ogre Fire Elementalist on May 21, 2023.
             Was an Initiate of Elyvilon.
             Slain by Terence
             ... wielding a +0 hand axe
              (8 damage)
             ... on level 3 of the Dungeon.
             The game lasted 00:07:58 (2525 turns).

Aldia the Firebug (Ogre Fire Elementalist)          Turns: 2525, Time: 00:07:58

Health: 0/42       AC:  4    Str: 12    XL:     4   Next: 21%
Magic:  0/8        EV: 15    Int: 18    God:    Elyvilon [......]
Gold:   83         SH:  0    Dex:  9    Spells: 3/9 levels left

rFire   . . .        k - +0 spear
rCold   . . .        (no shield)
rNeg    . . .        a - +0 robe
rPois   .            (helmet restricted)
rElec   .            l - +0 cloak
rCorr   .            (gloves unavailable)
SInv    .            (boots unavailable)
Will    .....        (no amulet)
Stlth   +            h - +5 ring of evasion
HPRegen 0.27/turn    (no ring)
MPRegen 0.11/turn

%: no passive effects
@: no status effects
A: large, unfitting armour, tough skin 1
a: Renounce Religion


You were on level 3 of the Dungeon.
You worshipped Elyvilon.
Elyvilon was noncommittal.
You visited 1 branch of the dungeon, and saw 3 of its levels.

You collected 83 gold pieces.

Inventory:

Hand Weapons
 k - a +0 spear (weapon)
Armour
 a - a +0 robe (worn)
 l - a +0 cloak (worn)
Jewellery
 h - a +5 ring of evasion (left hand)
Scrolls
 c - 2 scrolls of teleportation
 d - a scroll of noise {unknown}
 f - 2 scrolls of amnesia {unknown}
 j - 2 scrolls of identify {unknown}
 n - a scroll of immolation {unknown}
 o - 2 scrolls of poison {unknown}
 p - a scroll of enchant armour {unknown}
 q - a scroll of fear {unknown}
 r - a scroll of vulnerability {unknown}
Potions
 b - a potion of magic
 e - a potion of resistance {unknown}
 g - 3 potions of curing {unknown}
 i - a potion of might {unknown}
 m - 2 potions of heal wounds {unknown}


   Skills:
 + Level 2.0 Fighting
 - Level 2.0 Dodging
 - Level 1.4 Stealth
 + Level 3.0 Spellcasting
 + Level 1.8 Conjurations
 + Level 0.5 Translocations
 + Level 3.1 Fire Magic


You had 3 spell levels left.
You knew the following spells:

 Your Spells              Type           Power      Damage    Failure   Level
a - Foxfire               Conj/Fire      44%        2x1d6     6%          1
b - Scorch                Fire           28%        2d6       7%          2
c - Volatile Blastmotes   Fire/Tloc      18%        2d11      22%         3

Your spell library contained the following spells:

 Spells                   Type           Power      Damage    Failure   Level
 Ensorcelled Hibernation  Hex/Ice        4%         N/A       24%         2
 Passwall                 Tmut/Erth      1%         N/A       24%         2
 Inner Flame              Hex/Fire       8%         N/A       26%         3
 Hailstorm                Conj/Ice       6%         3d4       32%         3
 Portal Projectile        Hex/Tloc       6%         N/A       41%         3
 Call Canine Familiar     Summ           2%         N/A       43%         3
 Swiftness                Air            2%         N/A       43%         3
 Flame Wave               Conj/Fire      11%        2d6       50%         4
 Ice Form                 Ice/Tmut       2%         N/A       85%         4
 Leda's Liquefaction      Hex/Erth       1%         N/A       85%         4
 Simulacrum               Ice/Necr       1%         N/A       100%        6


Dungeon Overview and Level Annotations

Branches:
Dungeon (3/15)

Altars:
Elyvilon

Annotations:
D:3 Terence


Innate Abilities, Weirdness & Mutations

You are too large for most types of armour.
You have tough skin. (AC +1)


Message History

You hit Terence but do no damage.
Terence is heavily wounded.
Terence misses you.
You hit Terence but do no damage.
Terence is heavily wounded.
Terence hits you but does no damage.
You are too injured to fight recklessly!
You are too injured to fight recklessly!
Casting: Foxfire (safe; 6% risk of failure)
Confirm with . or Enter, or press ? or * to list all spells.
You conjure some foxfire!
Terence barely misses you.
Terence hits your foxfire with a +0 hand axe.
You hit Terence but do no damage.
Terence is heavily wounded.
The foxfire hits Terence but does no damage.
Terence is heavily wounded.
The foxfire hits Terence.
Terence is severely wounded.
Terence closely misses you.
You hit Terence but do no damage.
Terence is severely wounded.
Terence closely misses you.
You closely miss Terence.
Terence is severely wounded.
Terence hits you but does no damage.
You hit Terence but do no damage.
Terence is severely wounded.
Terence hits you with a +0 hand axe.
You hit Terence but do no damage.
Terence is severely wounded.
Terence hits you with a +0 hand axe.
You hit Terence but do no damage.
Terence is severely wounded.
Terence looks scornfully at you. Terence hits you with a +0 hand axe!
* * * LOW HITPOINT WARNING * * *
Casting: Foxfire (safe; 6% risk of failure)
Confirm with . or Enter, or press ? or * to list all spells.
You conjure some foxfire!
Terence hits you with a +0 hand axe!
You die...

...> #...##
#..... ....#
#.#.##
##.<..
#..v@#
###..v@##
#.......####
#..........+
#.......####
###....##
#...## ##.##
#.# #+ #.#
#.#


You could see Terence (ally target).

Vanquished Creatures
  An adder (D:2)
  A worm (D:1)
  3 orcs (D:3)
  6 endoplasms
  5 giant cockroaches (D:1)
  8 goblins
  4 hobgoblins
  A quokka (D:2)
  7 ball pythons
  6 bats
  A frilled lizard (D:1)
  3 kobolds
  5 rats
51 creatures vanquished.

Vanquished Creatures (others)
  87 foxfires
87 creatures vanquished.

Grand Total: 138 creatures vanquished

Notes
Turn   | Place    | Note
-------+----------+-------------------------------------------
     0 | D:1      | Aldia the Ogre Fire Elementalist began the quest for the
                  | Orb.
     0 | D:1      | Reached XP level 1. HP: 16/16 MP: 3/3
    51 | D:1      | Reached skill level 1 in Conjurations
   133 | D:1      | Reached XP level 2. HP: 11/26 MP: 0/5
   214 | D:1      | Learned a level 2 spell: Scorch
   334 | D:1      | Reached skill level 1 in Fighting
   626 | D:1      | Reached XP level 3. HP: 9/33 MP: 2/7
   914 | D:1      | Learned a level 3 spell: Volatile Blastmotes
  1501 | D:2      | Reached XP level 4. HP: 42/42 MP: 6/8
  1895 | D:2      | Found a white marble altar of Elyvilon.
  2234 | D:2      | Became a worshipper of Elyvilon the Healer
  2497 | D:3      | Noticed Terence
  2525 | D:3      | Slain by Terence

Illustrated notes

Levels and vault maps discovered:
D:1:      minmay_arrival_jagged, layout_loops_cross
D:2:      layout_basic, basic_altar, chequers_serial_rivers_micro_a
D:3:      layout_loops_corners, minmay_misc_feat_four_crosses,
          kennysheep_pointless_box, uniq_ijyb, uniq_terence, uniq_robin,
          uniq_natasha

Skill      XL: |  1  2  3  4 |
---------------+-------------+-----
Conjurations   | 1 |  1.8
Dodging        | 2 |  2.0
Fighting       | 1 2 |  2.0
Fire Magic     | 3 |  3.1
Spellcasting   | 3 |  3.0
Stealth        | |  1.4
Translocations | |  0.5

Action                     |  1- 3 |  4- 6 || total
---------------------------+-------+-------++-------
  Melee: Club              |    12 |       ||    12
         Unarmed           |     2 |       ||     2
         Dagger            |    70 |       ||    70
         Spear             |     3 |    31 ||    34
   Cast: Foxfire           |    40 |    15 ||    55
         Scorch            |     3 |     4 ||     7
         Volatile Blastmot |     1 |       ||     1
    Use: Scroll            |     1 |       ||     1
   Stab: Sleeping          |     1 |       ||     1
 Armour: Robe              |    37 |     6 ||    43
  Dodge: Dodged            |    52 |    18 ||    70
